 Dungeon Crawl Stone Soup version 0.31.0 (webtiles) character file.

Game seed: 13720496749761170693

417414 Ride the Slayer (level 21, -24/166 (196) HPs)
             Began as a Minotaur Fighter on Jan 19, 2024.
             Was an Initiate of Gozag.
             Killed from afar by a shadow dragon (40 damage)
             ... with a bolt of negative energy
             ... on level 3 of the Depths.
             The game lasted 00:39:15 (45439 turns).

Ride the Slayer (Minotaur Fighter)                 Turns: 45439, Time: 00:39:15

HP:   -24/166 (196) AC: 35    Str: 30    XL:     21   Next: 88%
MP:   20/20         EV: 12    Int:  3    God:    Gozag
Gold: 399           SH: 24    Dex: 12    Spells: 20/20 levels left

rFire   + + .        a - +5 broad axe (flame)
rCold   + + +        Y - +2 tower shield {AC+3}
rNeg    . . .        o - +3 plate armour {rC+}
rPois   +            W - +2 hat
rElec   +            r - scarf {rC+ rF+}
rCorr   .            O - +2 pair of gloves
SInv    .            w - +2 pair of boots {Fly}
Will    +....        d - amulet of Bum Duh {Acrobat Fly rElec rF+} Stlth
                     l - ring of Linearity {rPois rC+ Slay+2}
HPRegen 0.47/turn    y - +4 ring of slaying
MPRegen 0.17/turn

%: acrobat
@: mighty, on berserk cooldown, flying, slowed, heavily drained, very slow
A: horns 2, retaliatory headbutt, dopey 1, frail 1, screaming 1, devolution 1
0: Orb of Zot
}: 3/15 runes: decaying, serpentine, silver
a: Renounce Religion, Potion Petition, Call Merchant, Bribe Branch


You were on level 3 of the Depths.
You worshipped Gozag.
Gozag was aware of your devotion.
You visited 9 branches of the dungeon, and saw 45 of its levels.
You also visited: Ice Cave.

You collected 17608 gold pieces.
You spent 3043 gold pieces at shops.
You paid 14166 gold pieces to Gozag.

Inventory:

Hand Weapons
 a - a +5 broad axe of flaming (weapon)
 G - the +6 battleaxe of Daliux {flame, ^Drain Int+5}
   (You found it on level 2 of the Depths)

   Int+5:     It affects your intelligence (+5).
   ^Drain:    It drains your maximum health when unequipped.
 S - the +1 spear of Tuqaoreung {vamp, rElec Int+4}
   (You found it on level 5 of the Vaults)

   Int+4:     It affects your intelligence (+4).
   rElec:     It insulates you from electricity.
Missiles
 t - 11 boomerangs (quivered)
 v - 20 javelins
 F - 17 curare-tipped darts
Armour
 n - the +4 dragonskin cloak
   (You took it off Tiamat on level 1 of the Realm of Zot)

   Avatar's Aegis: It grants the wearer a chance to resist fire, cold, poison,
   electricity, acid, and negative energy.
 o - a +3 plate armour of cold resistance (worn)
 r - a scarf of resistance (worn)
 w - a +2 pair of boots of flying (worn)
 O - a +2 pair of gloves (worn)
 W - a +2 hat (worn)
 Y - a +2 tower shield of protection (worn)
Magical Staves
 B - a staff of fire
Jewellery
 c - a ring of protection from cold
 d - the amulet of Bum Duh (around neck) {Acrobat Fly rElec rF+}
   (You bought it in a shop on level 4 of the Snake Pit)

   [amulet of the acrobat]

   Acrobat:   It increases your evasion while moving and waiting.
   rF+:       It protects you from fire.
   rElec:     It insulates you from electricity.
   Fly:       It grants you flight.
 f - a ring of protection from fire
 l - the ring of Linearity (left hand) {rPois rC+ Slay+2}
   (You bought it in a shop on level 3 of the Dungeon)

   [ring of protection from cold]

   Slay+2:    It affects your accuracy & damage with ranged weapons and melee
   (+2).
   rC+:       It protects you from cold.
   rPois:     It protects you from poison
 s - a ring of see invisible
 y - a +4 ring of slaying (right hand)
Wands
 b - a wand of polymorph (7)
 A - a wand of quicksilver (36)
 D - a wand of digging (12)
 L - a wand of roots (10)
 P - a wand of paralysis (18)
 V - a wand of flame (99)
Scrolls
 g - 16 scrolls of immolation
 h - 7 scrolls of fog
 p - 3 scrolls of noise
 q - 3 scrolls of fear
 u - 5 scrolls of poison
 x - 6 scrolls of vulnerability
 E - 4 scrolls of torment
 R - 10 scrolls of identify
 T - 6 scrolls of teleportation
 Z - 2 scrolls of silence
Potions
 e - 9 potions of mutation
 i - 2 potions of might
 j - 2 potions of enlightenment
 k - 3 potions of resistance
 m - 4 potions of magic
 z - a potion of berserk rage
 C - 4 potions of attraction
 I - 2 potions of invisibility
 M - 4 potions of lignification
 N - 11 potions of ambrosia
Miscellaneous
 K - a phantom mirror (inert)
 U - a phial of floods (inert)
 X - a box of beasts (inert)


   Skills:
 * Level 25.4 Fighting
 - Level 18.0 Axes
 + Level 20.6 Armour
 - Level 10.6 Dodging
 * Level 23.0 Shields
 + Level 14.3 Evocations


You had 20 spell levels left.
You didn't know any spells.
Your spell library contained the following spells:

 Spells                   Type           Power      Damage    Failure   Level
 Freeze                   Ice            0%         1d3       97%         1
 Magic Dart               Conj           0%         1d3       97%         1
 Necrotise                Necr           0%         1d4       97%         1
 Sting                    Conj/Alch      0%         1d3       97%         1
 Blink                    Tloc           0%         N/A       99%         2
 Call Imp                 Summ           0%         N/A       99%         2
 Cigotuvi's Dreadful Rot  Necr/Alch/Air  0%         N/A       99%         2
 Lesser Beckoning         Tloc           0%         N/A       99%         2
 Mercury Vapours          Alch/Air       0%         N/A       99%         2
 Momentum Strike          Conj/Tloc      0%         3d8       99%         2
 Scorch                   Fire           0%         2d5       99%         2
 Searing Ray              Conj           0%         2d4       99%         2
 Sublimation of Blood     Necr           0%         N/A       99%         2
 Dazzling Flash           Conj/Hex       0%         N/A       100%        3
 Gell's Gravitas          Tloc           0%         N/A       100%        3
 Hailstorm                Conj/Ice       0%         3d5       100%        3
 Mephitic Cloud           Conj/Alch/Air  0%         N/A       100%        3
 Ozocubu's Armour         Ice            0%         N/A       100%        3
 Teleport Other           Tloc           0%         N/A       100%        3
 Vampiric Draining        Necr           0%         2d6       100%        3
 Dispel Undead            Necr           0%         3d6       100%        4
 Flame Wave               Conj/Fire      0%         2d4       100%        4
 Fulminant Prism          Conj/Alch      0%         3d5       100%        4
 Leda's Liquefaction      Alch/Erth      0%         N/A       100%        4
 Martyr's Knell           Necr/Summ      0%         N/A       100%        4
 Olgreb's Toxic Radiance  Alch           0%         N/A       100%        4
 Vhi's Electric Charge    Tloc/Air       0%         N/A       100%        4
 Arcjolt                  Conj/Air       0%         1d10      100%        5
 Curse of Agony           Necr           0%         N/A       100%        5
 Freezing Cloud           Conj/Ice/Air   0%         6-21      100%        5
 Lee's Rapid Deconstruct  Erth           0%         3d4*      100%        5
 Metabolic Englaciation   Hex/Ice        0%         N/A       100%        5
 Silence                  Hex/Air        0%         N/A       100%        5
 Summon Forest            Summ/Tloc      0%         N/A       100%        5
 Bombard                  Conj/Erth      0%         9d1       100%        6
 Death Channel            Necr           0%         N/A       100%        6
 Dispersal                Tloc           0%         N/A       100%        6
 Eringya's Noxious Bog    Alch           0%         4d6       100%        6
 Sculpt Simulacrum        Ice/Alch       0%         N/A       100%        6
 Summon Cactus Giant      Summ           0%         N/A       100%        6
 Summon Hydra             Summ           0%         N/A       100%        7
 Maxwell's Capacitive Co  Air            0%         ∞         100%        8


Dungeon Overview and Level Annotations

Branches:
Dungeon (15/15)            Temple (1/1) D:4            Lair (5/5) D:10
  Swamp (4/4) Lair:2        Snake (4/4) Lair:3        Slime (0/5) Lair:4
    Orc (2/2) D:11            Elf (0/3) Orc:2        Vaults (5/5) D:14
 Depths (4/4) D:15            Zot (5/5) Depths:4      IceCv (visited)
  Crypt: Vaults:2-3

Altars:
Ashenzari
Cheibriados
Dithmenos
Elyvilon
Fedhas
Gozag
Hepliaklqana
Kikubaaqudgha
Makhleb
Nemelex Xobeh
Okawaru
Qazlal
Ru
Sif Muna
Trog
Uskayaw
Vehumet
Wu Jian
Xom
Yredelemnul
Zin
The Shining One

Shops:
D:3 =   D:5 =[   D:6 (   D:10 !   D:15 (   Orc:2 *:[*   Snake:4 ==   Vaults:2 *
Depths:2 **

Portals:
Pandemonium: Depths:2

Annotations:
D:8 3 runed translucent doors, monsoonserge's ghost, novice GnSh
D:9 3 runed translucent doors, middlethird's ghost, novice VSEE
D:11 2 runed translucent doors, groovy9's ghost, journeyman GrBe
D:14 Roxanne
Lair:1 2 transporters, turdburglar's ghost, journeyman TrSh
Snake:4 1 runed translucent door
Vaults:3 3 runed translucent doors, Nornya's ghost, veteran MfSu
Vaults:5 Frederick


Innate Abilities, Weirdness & Mutations

You have a pair of horns on your head.
You reflexively headbutt those who attack you in melee.
You are dopey. (Int -2)
You are frail. (-10% HP)
You occasionally shout uncontrollably at your foes.
You have hidden genetic defects.


Message History

You feel invigorated. The shadow dragon closely misses you.
The shadow dragon claws you but does no damage.
The shadow dragon claws you.
* * * LOW HITPOINT WARNING * * *
Your shadow dragon bites the shadow dragon!
Your shadow dragon claws the shadow dragon.
Your shadow dragon claws the shadow dragon but does no damage.
Your shadow dragon closely misses the shadow dragon.
Your shadow dragon claws the shadow dragon but does no damage. x2
The shadow dragon breathes negative energy at you.
The bolt of negative energy misses you.
You feel less invigorated.
You feel less confused. You block the shadow dragon's attack.
The shadow dragon completely misses you.
You block the shadow dragon's attack.
Your shadow dragon barely misses the shadow dragon. x2
Your shadow dragon claws the shadow dragon but does no damage.
You block the shadow dragon's attack. The shadow dragon misses you.
You block the shadow dragon's attack.
Your shadow dragon bites the shadow dragon.
Your shadow dragon closely misses the shadow dragon.
Your shadow dragon claws the shadow dragon but does no damage.
The shadow dragon bites you but does no damage.
The shadow dragon claws you!
* * * LOW HITPOINT WARNING * * *
You block the shadow dragon's attack.
Your shadow dragon bites the shadow dragon!
Your shadow dragon claws the shadow dragon but does no damage.
Your shadow dragon claws the shadow dragon!
Your shadow dragon shimmers and vanishes!
The shadow dragon is no longer waterlogged.
You block the shadow dragon's attack. The shadow dragon closely misses you.
You block the shadow dragon's attack.
An Orb Guardian comes into view.
You block the shadow dragon's attack. x3
A deep elf archer comes into view. It is wielding a +0 bardiche.
The shadow dragon breathes negative energy at you.
The bolt of negative energy hits you!!
You feel drained.
* * * LOW HITPOINT WARNING * * *
The shadow dragon breathes negative energy at you.
The bolt of negative energy misses you.
You feel better.
The shadow dragon breathes negative energy at you.
The bolt of negative energy hits you!!
You feel drained.
* * * LOW HITPOINT WARNING * * *
The shadow dragon breathes negative energy at you.
The bolt of negative energy hits you!!!
You feel drained.
You die...
Your body crumbles into a pile of gold.

########################
##......~~...............
#....~X#~~...............
#....~~D@##############..
####.....~### ###
#.......~.# # #.###.....#
######.# #.....# <......#
#.....# ....#### #..#.##
....# #...D# ....# #..#.#


You could see a shadow dragon (catching breath) and an Orb Guardian.

Vanquished Creatures
  Tiamat (Zot:1)
  An ancient lich (Zot:5)
  3 orbs of fire
  Vashnia (Snake:2)
  A Killer Klown (Zot:3)
  A curse toe (Zot:4)
  6 golden dragons
  the Enchantress (Depths:3)
  A bone dragon (Depths:4)
  A Brimstone Fiend (Zot:2)
  An electric golem (Zot:2)
  9 tentacled monstrosities
  A lich (Depths:2)
  13 Orb Guardians
  A Hell Sentinel (Depths:3)
  2 quicksilver dragons
  6 death cobs
  4 tengu reavers
  6 shadow dragons
  3 protean progenitors
  6 storm dragons
  A thorn hunter (Swamp:4)
  A demonspawn warmonger (Depths:3)
  3 draconian monks
  3 nagarajas (Snake:4)
  2 deep elf sorcerers (Vaults:5)
  A fenstrider witch (Swamp:3)
  3 draconian knights
  2 fire giants
  An iron dragon (Vaults:5)
  7 vault wardens
  2 draconian scorchers
  A ghost moth (Zot:4)
  3 draconian annihilators
  6 ironbound preservers
  3 spriggan defenders (Depths:3)
  3 draconian stormcallers
  2 broodmothers (Zot:5)
  A demonspawn blood saint (Depths:3)
  A reaper (Depths:3)
  9 stone giants
  10 very ugly things
  7 green draconians
  A formless jellyfish (Vaults:4)
  2 ironbound thunderhulks
  4 black draconians
  An eleionoma (Lair:2)
  2 bunyips
  4 white draconians
  6 yellow draconians
  6 spark wasps
  4 purple draconians
  6 red draconians
  21 dire elephants
  Azrael (D:15)
  A crystal guardian (Vaults:3)
  An entropy weaver (Vaults:4)
  5 fire dragons
  Snorg (Lair:5)
  2 shambling mangroves
  3 ettins
  2 great orbs of eyes (Vaults:3)
  11 yaktaur captains
  2 jiangshi (Depths:2)
  2 peacekeepers
  5 rakshasas
  2 ice dragons
  A spriggan zombie (Depths:1)
  29 vault guards
  2 deep elf high priests (Vaults:5)
  3 salamander tyrants (Snake:4)
  6 ironbound frosthearts
  Fannar (Lair:2)
  Erica (D:10)
  19 hydras
  5 ogre magi
  6 anacondas
  3 alligators
  3 spriggan air magi (Depths:3)
  3 catoblepae
  2 boulder beetles
  14 centaur warriors
  A tengu warrior (Depths:2)
  15 two-headed ogres
  4 deep troll earth magi (Depths:3)
  23 death yaks
  3 deep troll shamans
  A vampire mage (Depths:2)
  A sphinx skeleton (Depths:1)
  Urug (D:10)
  A demonic crawler (Zot:4)
  2 occultists (D:15)
  7 spriggans
  13 naga warriors
  A spriggan berserker (Depths:3)
  10 naga sharpshooters
  3 hell knights
  An orc high priest (D:11)
  2 skysharks (Lair:3)
  4 salamander mystics
  3 shock serpents
  Amaemon (D:9)
  8 skeletal warriors (D:15)
  An iron troll (Depths:3)
  A goliath frog (Swamp:3)
  A sea snake (Snake:4)
  2 naga ritualists
  8 arcanists
  6 mana vipers
  21 deep trolls
  9 ironbound convokers
  12 swamp dragons
  2 phantasmal warriors
  4 necromancers
  Pikel (D:5)
  A deep elf archer (Depths:3)
  8 lindwurms
  5 harpies (Vaults:1)
  A wolf spider zombie (D:15)
  A tengu zombie (Vaults:1)
  16 ugly things
  4 deep elf pyromancers
  An orc knight (Depths:3)
  A deep elf zephyrmancer (D:15)
  3 orc sorcerers
  3 cyclopes
  6 salamanders
  2 large abominations (Depths:3)
  A manticore (D:14)
  A centaur zombie (D:15)
  3 meliai (D:13)
  11 moths of wrath
  Maurice (D:11)
  2 will-o-the-wisps (Swamp:1)
  6 vault sentinels
  An ice statue (IceCv)
  15 black mambas
  12 naga magi
  3 elephants (Lair:5)
  5 guardian serpents
  7 kobold blastminers
  A torpor snail (Lair:3)
  2 orange demons
  A gargoyle (D:11)
  3 centaur skeletons (D:15)
  3 rime drakes
  2 human zombies (Vaults:1)
  6 komodo dragons
  4 efreet
  An unseen horror (D:12)
  9 cane toads
  An elf skeleton (Vaults:1)
  24 yaktaurs
  2 ice devils (Lair:1)
  A tormentor (Depths:3)
  2 tengu conjurers
  A queen bee (Lair:2)
  5 tyrant leeches
  5 trolls
  11 polar bears
  A tengu simulacrum (Depths:1)
  8 hornets
  Prince Ribbit (D:9)
  31 blink frogs
  An ettin zombie (Vaults:1)
  2 glass eyes (Depths:2)
  2 centaur simulacra (D:15)
  13 slime creatures
  Sigmund (D:2)
  2 shadows
  A wraith (D:13)
  A slime creature (shapeshifter) (Vaults:5)
  2 vampires
  7 basilisks
  2 small abominations (Depths:3)
  A water elemental (D:13)
  6 wyverns
  4 fire elementals (D:15)
  81 yaks
  A hog (shapeshifter) (D:15)
  6 vampire mosquitoes
  7 steam dragons
  8 swamp worms
  A swamp worm (shapeshifter) (Vaults:5)
  34 nagas
  12 water moccasins
  A hell hound (D:15)
  5 swamp drakes
  A meliai simulacrum (D:14)
  An ettin simulacrum (Depths:1)
  17 orc warriors
  6 black bears
  A swamp drake (shapeshifter) (D:13)
  A sky beast (D:7)
  6 laughing skulls
  35 ogres
  38 wolves
  8 centaurs
  A phantom (D:4)
  A kobold brigand (D:9)
  10 bullfrogs
  A scorpion (D:6)
  14 wights
  30 killer bees
  5 howler monkeys
  8 electric eels
  2 bombardier beetles (D:5)
  2 hounds
  2 jellies
  8 orc priests
  2 sleepcaps
  5 iguanas
  19 orc wizards
  A boggart skeleton (D:15)
  10 gnolls
  9 adders
  3 shadow imps
  5 white imps
  2 dart slugs (D:1)
  3 ribbon worms
  48 orcs
  5 endoplasms
  6 giant cockroaches
  5 hobgoblins
  4 jackals (D:4)
  6 quokkas
  5 ball pythons
  7 bats
  3 frilled lizards
  15 goblins
  8 kobolds
  7 rats
1329 creatures vanquished.

Vanquished Creatures (collateral kills)
  Bai Suzhen (Swamp:2)
  A storm dragon (Vaults:5)
  A vault warden (Vaults:5)
  2 war gargoyles (Vaults:5)
  An ettin (Vaults:5)
  2 yaktaur captains (Vaults:5)
  An ogre mage (Vaults:5)
  A hell knight (Vaults:5)
  A deep troll (Vaults:5)
  A necromancer (Vaults:5)
  A phantasmal warrior (Vaults:5)
  A cyclops (shapeshifter) (Vaults:5)
  2 vault sentinels (Vaults:5)
  2 freezing wraiths (Vaults:5)
  2 yaktaurs (Vaults:5)
  A tyrant leech (Swamp:2)
  A vampire mosquito (Swamp:2)
22 creatures vanquished.

Vanquished Creatures (others)
  A dread lich (Zot:5)
  2 ancient liches (Zot:5)
  2 Killer Klowns (Zot:5)
  A golden dragon (Zot:5)
  An electric golem (Zot:5)
  3 tentacled monstrosities
  A titan (Vaults:5)
  10 Orb Guardians (Zot:5)
  A death cob (Zot:5)
  A storm dragon (Zot:5)
  A tengu reaver (Vaults:5)
  3 vault wardens (Vaults:5)
  A frost giant (Vaults:5)
  An ironbound preserver (Vaults:5)
  A yaktaur captain (Vaults:5)
  An ettin (Vaults:5)
  An ogre mage (Vaults:5)
  A hell knight (Vaults:5)
  2 deep trolls (Vaults:5)
  A necromancer (Vaults:5)
  A moth of wrath (Zot:3)
  An orc knight (Vaults:5)
  A vault sentinel (Vaults:5)
  5 yaktaurs (Vaults:5)
  2 bloated husks
  A blink frog (Lair:4)
  A naga (Snake:4)
  3 orcs
  10 foxfires (Swamp:1)
61 creatures vanquished.

Grand Total: 1412 creatures vanquished

Notes
Turn   | Place    | Note
-------+----------+-------------------------------------------
     0 | D:1      | Ride the Minotaur Fighter began the quest for the Orb.
     0 | D:1      | Reached XP level 1. HP: 19/19 MP: 0/0
    87 | D:1      | Reached XP level 2. HP: 27/27 MP: 1/1
   169 | D:1      | Reached skill level 3 in Axes
   264 | D:1      | Reached skill level 4 in Fighting
   264 | D:1      | Reached XP level 3. HP: 31/33 MP: 2/2
   642 | D:2      | Found a faded altar of an unknown god.
  1093 | D:2      | Reached XP level 4. HP: 40/40 MP: 3/3
  1255 | D:2      | Noticed Sigmund
  1260 | D:2      | Killed Sigmund
  1261 | D:2      | Reached XP level 5. HP: 47/47 MP: 4/4
  1537 | D:3      | Found a glowing silver altar of Zin.
  1654 | D:3      | Found a shimmering altar of Xom.
  1656 | D:3      | Found a snail-covered altar of Cheibriados.
  1656 | D:3      | Found an ornate altar of the Wu Jian Council.
  1656 | D:3      | Found a stormy altar of Qazlal.
  1657 | D:3      | Found a burning altar of Makhleb.
  1691 | D:2      | Reached XP level 6. HP: 51/55 MP: 5/5
  1786 | D:3      | Found Hakhlomui's Jewellery Emporium.
  1978 | D:3      | Reached skill level 5 in Fighting
  2430 | D:4      | Found a shadowy altar of Dithmenos.
  2856 | D:4      | Reached XP level 7. HP: 59/61 MP: 6/6
  3241 | D:4      | Found a staircase to the Ecumenical Temple.
  3361 | Temple   | Entered the Ecumenical Temple
  3367 | Temple   | Became a worshipper of Gozag Ym Sagoz the Greedy
  3539 | D:5      | Entered Level 5 of the Dungeon
  3564 | D:5      | Found Vyiwakhla's Jewellery Shoppe.
  3729 | D:5      | Noticed Pikel
  3763 | D:5      | Killed Pikel
  3764 | D:5      | Reached skill level 6 in Fighting
  3764 | D:5      | Reached XP level 8. HP: 15/71 MP: 7/7
  4154 | D:5      | Found Dacvatui's Antique Armour Emporium.
  4792 | D:5      | Reached skill level 7 in Fighting
  5137 | D:6      | Reached skill level 9 in Axes
  5336 | D:6      | Reached XP level 9. HP: 79/79 MP: 8/8
  5354 | D:6      | Found Exasog's Antique Weapon Emporium.
  6141 | D:3      | Bought the ring of Linearity {rPois rC+ Slay+2} for 535
                  | gold pieces
  6441 | D:7      | Reached skill level 8 in Fighting
  7503 | D:8      | Found a runed translucent gate.
  7504 | D:8      | Found a runed translucent gate.
  7512 | D:8      | Found a runed translucent gate.
  7513 | D:8      | Noticed monsoonserge's ghost (novice GnSh)
  7513 | D:8      | Noticed a nine-headed hydra
  7514 | D:8      | Noticed a ten-headed hydra
  7978 | D:5      | Bought a pair of embroidered boots for 187 gold pieces
  8125 | D:9      | Noticed Prince Ribbit
  8126 | D:9      | Reached XP level 10. HP: 82/90 MP: 9/9
  8331 | D:9      | Killed Prince Ribbit
  8351 | D:9      | Noticed Amaemon
  8351 | D:9      | Noticed an orange demon
  8371 | D:8      | Killed an orange demon
  8424 | D:9      | Killed Amaemon
  8425 | D:9      | Reached skill level 9 in Fighting
  8425 | D:9      | Reached skill level 9 in Armour
  8425 | D:9      | Reached skill level 9 in Shields
  8539 | D:9      | Reached skill level 3 in Dodging
  8608 | D:9      | You are sucked into a shaft and drop 3 floors!
  8769 | D:11     | Found a runed translucent door.
  9061 | D:10     | Entered Level 10 of the Dungeon
  9068 | D:10     | Identified the ring of Wausezuh {Wiz rN+}
  9110 | D:10     | Noticed a cyclops
  9110 | D:10     | Noticed a white ugly thing
  9110 | D:10     | Noticed a catoblepas
  9110 | D:10     | Noticed an ogre mage
  9111 | D:10     | Noticed a black mamba
  9111 | D:10     | Noticed a centaur warrior
  9111 | D:10     | Noticed a purple ugly thing
  9111 | D:10     | Noticed a manticore
  9120 | D:10     | Noticed a manticore
  9121 | D:10     | Noticed a deep elf pyromancer
  9128 | D:10     | Noticed Urug
  9148 | D:10     | Killed Urug
  9151 | D:10     | Noticed a meliai
  9178 | D:10     | Reached XP level 11. HP: 80/99 MP: 10/10
  9271 | D:9      | Found a runed translucent gate.
  9272 | D:9      | Found a runed translucent gate.
  9273 | D:9      | Found a runed translucent gate.
  9287 | D:9      | Noticed middlethird's ghost (novice VSEE)
  9377 | D:9      | Found a sparkling altar of Nemelex Xobeh.
  9411 | D:9      | Noticed a two-headed ogre
  9421 | D:9      | Killed a two-headed ogre
  9817 | D:10     | Found Kuext's Distillery.
  9817 | D:10     | Noticed Erica
  9853 | D:10     | Killed Erica
  9854 | D:10     | Reached skill level 10 in Fighting
  9965 | D:10     | Bought a potion of heal wounds for 65 gold pieces
  9965 | D:10     | Bought 2 potions of heal wounds for 130 gold pieces
  9965 | D:10     | Bought a potion of heal wounds for 65 gold pieces
  9965 | D:10     | Bought a potion of might for 52 gold pieces
  9965 | D:10     | Bought a potion of cancellation for 104 gold pieces
 10236 | D:10     | Found a staircase to the Lair.
 10634 | D:10     | Identified the ring "Beczeokh" {rC+ Int+6}
 10781 | Lair:1   | Entered Level 1 of the Lair of Beasts
 10896 | Lair:1   | Found a frozen archway.
 10990 | IceCv    | Entered an ice cave
 11270 | IceCv    | Reached XP level 12. HP: 73/108 MP: 11/11
 11478 | IceCv    | Reached skill level 11 in Fighting
 11722 | IceCv    | Noticed a death yak
 11726 | IceCv    | Noticed a death yak
 11744 | IceCv    | Killed a death yak
 11751 | IceCv    | Killed a death yak
 11752 | IceCv    | Reached skill level 15 in Axes
 11980 | IceCv    | Noticed a death yak
 11980 | IceCv    | Noticed a death yak
 11980 | IceCv    | Noticed a death yak
 11980 | IceCv    | Noticed a death yak
 12000 | IceCv    | Killed a death yak
 12006 | IceCv    | Killed a death yak
 12102 | IceCv    | Killed a death yak
 12112 | IceCv    | Killed a death yak
 12162 | IceCv    | Identified the +0 leather armour "Jaamuikhu" {Dex+6 Slay-4}
 12204 | IceCv    | Got the Grimoire of Hoarfrost
 12230 | IceCv    | Noticed a frost giant
 12696 | Lair:1   | Found a bloodstained altar of Trog.
 12696 | Lair:1   | Noticed turdburglar's ghost (journeyman TrSh)
 12729 | Lair:1   | Found a transporter.
 12784 | Lair:1   | Reached skill level 12 in Fighting
 12879 | Lair:1   | Found a transporter.
 13298 | Lair:2   | Reached XP level 13. HP: 79/118 MP: 12/12
 13508 | Lair:2   | Found a staircase to the Swamp.
 13508 | Lair:2   | Noticed an eleionoma
 13524 | Lair:2   | Noticed Fannar
 13532 | Lair:2   | Killed an eleionoma
 14257 | Lair:2   | Killed Fannar
 15124 | Lair:3   | Found a staircase to the Snake Pit.
 15989 | Lair:4   | Found a staircase to the Slime Pits.
 16018 | Lair:4   | Noticed a fire dragon
 16029 | Lair:4   | Killed a fire dragon
 16030 | Lair:4   | Reached skill level 13 in Fighting
 16047 | Lair:4   | Identified the +5 dagger of the Wheel {freeze, rPois Will+
                  | Dex-4}
 16153 | Lair:4   | Reached skill level 9 in Dodging
 16222 | Lair:4   | Reached XP level 14. HP: 113/129 MP: 13/13
 16913 | Lair:5   | Entered Level 5 of the Lair of Beasts
 17233 | Lair:5   | Reached skill level 14 in Fighting
 17471 | Lair:5   | Noticed Snorg
 17476 | Lair:5   | Killed Snorg
 17840 | Lair:5   | Identified the +1 rapier "Orb Guardian's Death" {vamp, rC+
                  | Will++}
 18228 | D:11     | Found a runed translucent door.
 18231 | D:11     | Noticed a storm dragon
 18232 | D:11     | Noticed a frost giant
 18352 | D:11     | Reached XP level 15. HP: 118/139 MP: 14/14
 18512 | D:11     | Noticed a lich
 18539 | D:11     | Found a staircase to the Orcish Mines.
 18540 | D:11     | Noticed groovy9's ghost (journeyman GrBe)
 18709 | D:11     | Identified the +0 leather armour "Tahigog" {+Blink rElec}
 18891 | Orc:1    | Entered Level 1 of the Orcish Mines
 18911 | Orc:1    | Noticed Maurice
 19053 | D:11     | Killed Maurice
 19507 | Orc:2    | Entered Level 2 of the Orcish Mines
 19581 | Orc:2    | Found a staircase to the Elven Halls.
 19776 | Orc:2    | Found Vishyd's Book Shoppe.
 19776 | Orc:2    | Found Xirolih's Assorted Antiques.
 19776 | Orc:2    | Found Aqanous's Assorted Antiques.
 19776 | Orc:2    | Found Faotou's Armour Shoppe.
 19792 | Orc:2    | Reached skill level 3 in Evocations
 19797 | Orc:2    | Reached skill level 15 in Fighting
 20325 | Orc:2    | Bought 2 scrolls of fog for 240 gold pieces
 20326 | Orc:2    | Bought a scarf of resistance for 352 gold pieces
 20347 | Orc:2    | Bought a potion of heal wounds for 140 gold pieces
 20892 | D:12     | Identified the +2 trident of Dulics {venom, rC+ rN+ Str+3
                  | Stlth+}
 21126 | D:12     | Reached skill level 15 in Armour
 22292 | D:14     | Reached skill level 16 in Fighting
 22352 | D:14     | Found a gate to the Vaults.
 22356 | D:14     | Reached skill level 15 in Shields
 22508 | D:14     | Noticed Roxanne
 23119 | D:15     | Entered Level 15 of the Dungeon
 23233 | D:15     | Noticed Azrael
 23243 | D:15     | Killed Azrael
 23265 | D:15     | Reached XP level 16. HP: 120/152 MP: 15/15
 23727 | D:15     | Found a staircase to the Depths.
 23956 | D:15     | Bought a +0 broad axe of flaming for 165 gold pieces
 24165 | Swamp:1  | Entered Level 1 of the Swamp
 24463 | Swamp:1  | Reached skill level 17 in Fighting
 24581 | Swamp:3  | Noticed Bai Suzhen
 24639 | Swamp:2  | Killed Bai Suzhen
 24817 | Swamp:4  | Entered Level 4 of the Swamp
 25174 | Swamp:4  | Noticed a thorn hunter
 25185 | Swamp:4  | Killed a thorn hunter
 25370 | Swamp:4  | Identified the +1 chain mail of the Ecumenical Temple
                  | {Str+2}
 25375 | Swamp:4  | Got a decaying rune of Zot
 25377 | Swamp:4  | Got a mossy gem with 757 turns to spare
 25404 | Swamp:4  | Reached skill level 18 in Fighting
 25787 | Snake:1  | Entered Level 1 of the Snake Pit
 25795 | Snake:1  | Reached skill level 9 in Evocations
 26028 | Snake:2  | Noticed Vashnia
 26132 | Snake:1  | Reached XP level 17. HP: 142/165 MP: 16/16
 26200 | Snake:2  | Killed Vashnia
 26676 | Snake:4  | Entered Level 4 of the Snake Pit
 26926 | Snake:4  | Found Ofuy's Jewellery Emporium.
 26930 | Snake:4  | Found Mufylo's Jewellery Emporium.
 27047 | Snake:4  | Bought the amulet of Bum Duh {Acrobat Fly rElec rF+} for
                  | 743 gold pieces
 27323 | Snake:4  | Found a runed translucent door.
 27458 | Snake:4  | Reached skill level 19 in Fighting
 28705 | Snake:4  | Got a serpentine rune of Zot
 29069 | Vaults:1 | Entered Level 1 of the Vaults
 29743 | Vaults:1 | Reached XP level 18. HP: 149/178 MP: 17/17
 29754 | Vaults:1 | Reached skill level 20 in Fighting
 30895 | Vaults:2 | Found Yjiog's General Store.
 30902 | Vaults:2 | Bought a potion of heal wounds for 55 gold pieces
 31711 | Vaults:3 | Reached skill level 21 in Fighting
 32151 | Vaults:3 | Found a runed translucent gate.
 32152 | Vaults:3 | Found a runed translucent gate.
 32152 | Vaults:3 | Found a runed translucent gate.
 32152 | Vaults:3 | Noticed Nornya's ghost (veteran MfSu)
 33273 | Vaults:4 | Reached XP level 19. HP: 190/190 MP: 18/18
 33924 | Vaults:5 | Entered Level 5 of the Vaults
 34108 | Vaults:4 | Reached skill level 22 in Fighting
 34431 | Vaults:5 | Identified the ring "Ankeom" {Str+6 Int+4 Dex-2}
 34693 | Vaults:5 | Identified the +1 spear of Tuqaoreung {vamp, rElec Int+4}
 35015 | Vaults:5 | Identified the orb of Day {light, *Corrode rElec Regen+
                  | Dex+2}
 35015 | Vaults:5 | Noticed Frederick
 35148 | Vaults:5 | Got a silver rune of Zot
 35484 | Depths:1 | Entered Level 1 of the Depths
 35738 | Depths:2 | Noticed a golden dragon
 35746 | Depths:2 | Killed a golden dragon
 36036 | Depths:2 | Found Musiusud's General Store.
 36137 | Depths:2 | Found Zuahab's Specific Store.
 36148 | Depths:2 | Bought 2 potions of enlightenment for 210 gold pieces
 36156 | Depths:2 | Reached XP level 20. HP: 202/202 MP: 19/19
 36170 | Depths:2 | Found a one-way gate leading to the halls of Pandemonium.
 36203 | Depths:2 | Reached skill level 23 in Fighting
 36516 | Depths:2 | Identified the +6 battleaxe of Daliux {flame, ^Drain Int+5}
 36604 | Depths:3 | Found an iron altar of Okawaru.
 36863 | Depths:3 | Noticed a golden dragon
 36873 | Depths:3 | Killed a golden dragon
 36880 | Depths:3 | Noticed the Enchantress
 36889 | Depths:3 | Killed the Enchantress
 37313 | Depths:4 | Entered Level 4 of the Depths
 38084 | Depths:4 | Found a gate to the Realm of Zot.
 38132 | Depths:4 | Noticed a bone dragon
 38134 | Depths:4 | Got a midnight gem with 419 turns to spare
 38156 | Depths:4 | Killed a bone dragon
 38159 | Depths:4 | Reached skill level 21 in Shields
 38561 | Zot:1    | Entered Level 1 of the Realm of Zot
 38631 | Zot:1    | Found the +4 dragonskin cloak
 38631 | Zot:1    | Noticed Tiamat
 38675 | Depths:4 | Lost the midnight gem through the power of Zot.
 39132 | Zot:1    | Killed Tiamat
 39654 | Zot:2    | Noticed a golden dragon
 39663 | Zot:2    | Killed a golden dragon
 39664 | Zot:2    | Reached skill level 24 in Fighting
 40871 | Zot:3    | Reached XP level 21. HP: 145/214 MP: 20/20
 41012 | Zot:3    | Noticed a Killer Klown
 41041 | Zot:3    | Noticed a golden dragon
 41054 | Zot:3    | Killed a golden dragon
 41061 | Zot:3    | Killed a Killer Klown
 41563 | Zot:3    | Identified the +1 robe of Leapfrog {Int+5}
 41571 | Zot:4    | Noticed a golden dragon
 41766 | Zot:4    | Killed a golden dragon
 42421 | Zot:4    | Noticed an orb of fire
 42437 | Zot:4    | Killed an orb of fire
 42523 | Zot:4    | Noticed a curse toe
 42538 | Zot:4    | Killed a curse toe
 42931 | Zot:5    | Entered Level 5 of the Realm of Zot
 43592 | Zot:5    | Noticed a golden dragon
 43607 | Zot:5    | Killed a golden dragon
 43939 | Zot:5    | Reached skill level 25 in Fighting
 44402 | Zot:5    | Noticed a Killer Klown
 44404 | Zot:5    | Noticed an ancient lich
 44407 | Zot:5    | Noticed an orb of fire
 44408 | Zot:5    | Noticed an ancient lich
 44408 | Zot:5    | Noticed an ancient lich
 44408 | Zot:5    | Noticed a golden dragon
 44409 | Zot:5    | Noticed a dread lich
 44418 | Zot:5    | Killed a golden dragon
 44436 | Zot:5    | Killed an ancient lich
 44445 | Zot:5    | Killed an ancient lich
 44471 | Zot:5    | Noticed an orb of fire
 44482 | Zot:5    | Gained mutation: You have hidden genetic defects. [an orb
                  | of fire]
 44483 | Zot:5    | Gained mutation: You occasionally shout uncontrollably at
                  | your foes. [an orb of fire]
 44485 | Zot:5    | Noticed an orb of fire
 44493 | Zot:5    | Killed an orb of fire
 44517 | Zot:5    | Killed a dread lich
 44537 | Zot:5    | Killed a Killer Klown
 44597 | Zot:5    | Killed an ancient lich
 44826 | Zot:5    | Gained mutation: You are dopey. (Int -2) [an orb of fire]
 44847 | Zot:5    | Gained mutation: You are frail. (-10% HP) [an orb of fire]
 44848 | Zot:5    | Killed an orb of fire
 44966 | Zot:5    | Got the Orb of Zot
 44969 | Zot:5    | Noticed an orb of fire
 45006 | Zot:5    | Noticed Daqe the pandemonium lord
 45439 | Depths:3 | Killed from afar by a shadow dragon

Illustrated notes

Levels and vault maps discovered:
D:1:      kennysheep_arrival_forest, layout_rooms
D:2:      layout_basic, ebering_ecumenical_altar_box, kennysheep_path_1,
          hangedman_abyss_or_decor_lesser_grid, nrook_mini_vaults, uniq_sigmund
D:3:      layout_basic, grunt_temple_overflow_open,
          mainiacjoe_overflow_chevrons, serial_shops,
          nicolae_shop_tiny_waterfront, grunt_decor_junction
D:4:      layout_cave_pods, grunt_dithmenos_smoke, temple_doors_e,
          chequers_arboretum
D:5:      layout_loops_corners, serial_shops, nicolae_stop_n_shop_1, shop,
          minmay_puff, uniq_pikel
D:6:      layout_loops_corners, serial_shops, nicolae_shop_window_shopping,
          dk_noncrumbling_4
D:7:      layout_rooms
D:8:      layout_loops_corners, gammafunk_ghost_hydra_chop
D:9:      layout_cave_pools, nemelex_xobeh_ov_fountains_minmay,
          ebering_ghost_rock_garden, uniq_prince_ribbit1, uniq_amaemon
D:10:     layout_basic, erik_lair_dragon, serial_shops, shop_fountains,
          minivault_12, uniq_urug, uniq_erica
D:11:     layout_rooms, orc_0_dummy, muffindrake_ghost_dual_entry,
          minmay_increasing_density
D:12:     layout_irregular_city, serial_library_hellmonk_reading_circle
D:13:     layout_basic
D:14:     layout_roguey, david_vaults_2, minmay_fractal_squares_gapless_7,
          uniq_roxanne
D:15:     grunt_enter_depths_magical_seal, layout_rooms,
          hangedman_weighted_door, uniq_azrael
Temple:   nicolae_temple_bog_church
Lair:1:   layout_regular_city, portal_ice_cave_demonic_guard,
          gammafunk_ghost_wrathful_warriors, minivault_24
Lair:2:   layout_roguey [special_room_bee], alex1729_swamp_entry_worm_eleionoma,
          uniq_fannar
Lair:3:   layout_hall_layers, guppyfry_snake_entry_island, lemuel_fruit_tree
Lair:4:   layout_cave_shapes, slime_entry_1, bobbens_dragon_lair_wall,
          grunt_megastairs_5
Lair:5:   grunt_lair_end_beastmaster, layout_loops_ring, serial_bayou_ford_a,
          bobbens_ice_dragon_lair, uniq_snorg
Swamp:1:  layout_falls_marsh, nicolae_swamp_tree_designs
Swamp:2:  layout_falls_marsh, nicolae_swamp_little_swirl, uniq_nikola
Swamp:3:  layout_falls_marsh, hangedman_swamp_pad, swamp_pool_1_2,
          nicolae_swamp_no_escape, nicolae_swamp_decorative_isthmus,
          uniq_bai_suzhen
Swamp:4:  swamp_alternative, layout_basic_swamp
Snake:1:  layout_basic, serial_bayou_shore_b, uniq_louise, uniq_aizul
Snake:2:  layout_onion_interference, special_room, serial_bayou_pond_d,
          nicolae_take_the_stairs, nicolae_shop_dragon_depot, drop_trap,
          grunt_ministairs_3, uniq_vashnia
Snake:3:  layout_rooms
Snake:4:  minmay_snake_end_coiled, layout_gridlike, special_room,
          lightli_airlock, minmay_shop_star, serial_bayou_shore_b
Orc:1:    layout_diamond_mine, uniq_maurice
Orc:2:    st_orc_ogre_mass, layout_caves
Vaults:1: v_rooms_5, ontoclasm_vaults_eye, nicolae_vaults_circle_grid_a,
          nicolae_vaults_network_s, nicolae_vaults_surprise_closet_hard,
          nicolae_vaults_diamond_1, serial_ice_g, nicolae_vaults_six-pack,
          nicolae_vaults_little_ls, v_misc_18, nicolae_vaults_house_2,
          nicolae_vaults_shrinking_rooms_1, nicolae_vaults_rhombus_5,
          layout_vaults_ring
Vaults:2: nicolae_vaults_sealed_display, st_smaller_cells,
          blue_anna_dwarven_crypt, nicolae_vaults_more_shelving_2,
          nicolae_vaults_diamond_2, nicolae_vaults_trapezoid_2,
          layout_vaults_omnigrid, serial_shops, nicolae_shop_crystal
Vaults:3: gammafunk_ghost_spectres, nicolae_vaults_tetromino_Z_2,
          nicolae_vaults_oval_intersection, nicolae_vaults_double_plus_2,
          gammafunk_dig_for_victory, v_misc_27,
          nicolae_vaults_storage_room_glass, v_misc_30, vaults_room_pool,
          layout_vaults_chaotic_city
Vaults:4: hangedman_vaults_pinch, nicolae_vaults_bisected_inception,
          nicolae_vaults_quadrants, vaults_room_door_hall,
          nicolae_vaults_offset_grid_hallway_3, v_misc_28,
          hangedman_vaults_capsules, v_alt_pattern_6,
          nicolae_vaults_offset_grid_hallway_4, nicolae_vaults_diamond_2,
          nicolae_vaults_mini_display_case, layout_vaults_omnibox, uniq_xtahua
Vaults:5: serial_shops, uniq_frederick
Depths:1: layout_basic, kennysheep_doodads, lightli_too_deep,
          nicolae_shop_gadgets, uniq_asterion
Depths:2: minmay_bloctagon_deflated, layout_basic, hangedman_coc_ice_floe,
          basic_altar, pan_entry, nicolae_specific_store, grunt_megastairs_3
Depths:3: evilmike_iron_armoury, layout_gridlike, minmay_room_of_horrors,
          hell_entry, st_stairs_1, uniq_enchantress
Depths:4: evilmike_zot_entry_round, layout_honeycomb, enter_ziggurat_f,
          hangedman_tar_grid_catacomb, chequers_serial_rivers_micro_c,
          minmay_metal_thing
Zot:1:    layout_gridlike, regret_index_zotdec_twisting_globes,
          guppyfry_library_mini, uniq_tiamat
Zot:2:    layout_onion_interference
Zot:3:    dreamdust_black_sun_cult, layout_misc_corridors,
          regret_index_zotdec_iron_s, st_stairs_13, zot_minivault_1
Zot:4:    layout_misc_corridors, grunt_megastairs_2
Zot:5:    layout_twisted_circle

Skill      XL: |  1  2  3  4  5  6  7  8  9 10 11 12 13 14 15 16 17 18 19 20 21 |
---------------+----------------------------------------------------------------+-----
Axes           | 3 5 6 7 9 11 12 14 16 17 18 | 18.0
Shields        | 4 5 6 7 8 9 10 11 12 14 15 16 17 18 20 21 23 | 23.0
Fighting       | 4 5 6 7 8 9 10 12 13 14 16 18 19 21 22 24 25 | 25.4
Armour         | 4 5 6 7 8 9 10 11 13 14 15 16 17 18 19 20 | 20.6
Dodging        | 1 3 5 7 9 10 | 10.6
Evocations     | 1 6 9 11 12 13 14 | 14.3

Action                     |  1- 3 |  4- 6 |  7- 9 | 10-12 | 13-15 | 16-18 | 19-21 || total
---------------------------+-------+-------+-------+-------+-------+-------+-------++-------
  Melee: War axe           |    94 |    98 |   199 |   474 |   929 |    74 |       ||  1868
         Headbutt          |     6 |    13 |    33 |    92 |   247 |   288 |   337 ||  1016
         Hand axe          |       |       |       |       |    36 |       |       ||    36
         Broad axe         |       |       |       |       |       |   869 |  1118 ||  1987
  Throw: Dart              |       |       |       |     2 |       |       |       ||     2
 Invoke: Potion Petition   |       |       |       |       |     2 |     5 |    10 ||    17
         Call Merchant     |       |       |       |       |       |     1 |       ||     1
         Bribe Branch      |       |       |       |       |       |       |     2 ||     2
  Evoke: Phantom mirror    |       |       |       |       |       |     1 |     2 ||     3
         Wand              |       |       |       |       |       |       |    13 ||    13
         Box of beasts     |       |       |       |       |       |       |     2 ||     2
         Phial of floods   |       |       |       |       |       |       |     2 ||     2
    Use: Potion            |       |     1 |     1 |       |     8 |     7 |    40 ||    57
         Scroll            |       |     4 |    11 |     1 |    10 |     9 |    11 ||    46
   Stab: Distracted        |       |       |       |     2 |     9 |     3 |     7 ||    21
         Invisible         |       |       |       |       |     5 |       |     9 ||    14
 Armour: Scale mail        |    58 |    14 |       |       |       |       |       ||    72
         Chain mail        |       |    97 |       |       |       |       |       ||    97
         Plate armour      |       |       |   181 |   419 |   844 |   861 |   821 ||  3126
  Dodge: Dodged            |    45 |    40 |    56 |   147 |   395 |   416 |   356 ||  1455
         Repelled          |       |       |       |       |     4 |       |       ||     4
  Block: Buckler           |    29 |    29 |    50 |   137 |   294 |   136 |       ||   675
         Kite shield       |       |       |       |       |       |   354 |       ||   354
         Tower shield      |       |       |       |       |       |   240 |  1287 ||  1527
